 Dungeon Crawl Stone Soup version 0.28.0-49-g6dfe1f597d (webtiles) character file.

Game seed: 6919089915343336816

35427 unlimited1921 the Thaumaturge (level 14, -3/101 HPs)
             Began as a Djinni Fire Elementalist on May 18, 2022.
             Was an Initiate of Yredelemnul.
             Shot with an arrow by a centaur warrior (18 damage)
             ... on level 9 of the Dungeon.
             The game lasted 02:23:04 (29335 turns).

unlimited1921 the Thaumaturge (DjFE)               Turns: 29335, Time: 02:23:07

Health: -3/101     AC:  8    Str:  7    XL:     14   Next: 18%
Gold:   679        EV: 13    Int: 24    God:    Yredelemnul [......] SH:  0 Dex: 14

rFire   + + +      SeeInvis .   b - +2 falchion (drain)
rCold   x . .      Faith    .   (no shield)
rNeg    . . .      Spirit   .   C - +0 steam dragon scales
rPois   ∞          Reflect  .   (no helmet)
rElec   .          Harm     .   B - +0 cloak
rCorr   .          Rampage  .   (no gloves)
Will    +....      Archmagi +   (boots unavailable)
Stlth   +++....... Rage     1%  T - amulet of the acrobat
HPRegen 0.26/turn               O - ring of protection from fire
MPRegen 0.00/turn               F - ring of the Mage {Wiz Archmagi}

@: flying
A: sickness immunity, fire resistance 3, cold vulnerability 1, float, innate
caster, HP casting, extra vitality 1, berserk 1, clever 1, passive freeze
a: Renounce Religion, Recall Undead Harvest


You were on level 9 of the Dungeon.
You worshipped Yredelemnul.
Yredelemnul was noncommittal.
You visited 3 branches of the dungeon, and saw 15 of its levels.

You collected 679 gold pieces.

Inventory:

Hand Weapons
 b - a +2 falchion of draining (weapon)
 d - a +0 lajatang
 q - a +1 morningstar of flaming
 t - a +2 dagger of venom
 G - a +4 long sword
 J - a +0 whip of freezing
Missiles
 c - 542 stones
 g - 24 poisoned darts
 i - 138 bolts
 y - 2 curare-tipped darts
 L - 5 atropa-tipped darts
 N - a throwing net
Armour
 B - a +0 cloak (worn)
 C - +0 steam dragon scales (worn)
 M - a +2 ring mail of fire resistance
Jewellery
 F - the ring of the Mage (right hand) {Wiz Archmagi}
   (You found it on level 6 of the Dungeon)

   [ring of wizardry]

   It improves your spell success rate.
   Archmagi:  It increases the power of your magical spells.
 O - a ring of protection from fire (left hand)
 T - an amulet of the acrobat (around neck)
Wands
 m - a wand of mindburst (11)
 r - a wand of acid (3)
 A - a wand of flame (40)
 D - a wand of digging (4)
 E - a wand of polymorph (20)
 K - a wand of paralysis (11)
 R - a wand of iceblast (8) (quivered)
Scrolls
 a - 5 scrolls of fog
 e - a scroll of blinking
 j - a scroll of teleportation
 u - 2 scrolls of enchant weapon
 v - 3 scrolls of immolation
 w - a scroll of enchant armour
 P - a scroll of torment {unknown}
 Q - a scroll of summoning {unknown}
Potions
 h - a potion of haste {unknown}
 k - a potion of magic
 l - 3 potions of might
 n - a potion of heal wounds
 s - 4 potions of attraction
 x - 2 potions of cancellation
 z - a potion of berserk rage
Miscellaneous
 U - a condenser vane


   Skills:
 * Level 9.1 Fighting
 * Level 1.9 Throwing
 * Level 9.5 Armour
 * Level 4.2 Dodging
 + Level 4.4 Stealth
 + Level 14.4 Spellcasting
 + Level 1.1 Evocations


You had 10 spell levels left.
You knew the following spells:

 Your Spells              Type           Power      Damage    Failure   Level
a - Foxfire               Conj/Fire      100%       2x1d9     0%          1
b - Scorch                Fire           100%       2d10      0%          2
c - Conjure Flame         Conj/Fire      92%        6-21      1%          3
d - Inner Flame           Hex/Fire       92%        N/A       1%          3
e - Flame Wave            Conj/Fire      92%        2d16      1%          4
f - Shock                 Conj/Air       100%       1d9       0%          1
g - Call Imp              Summ           92%        N/A       0%          2
h - Blink                 Tloc           100%       N/A       0%          2
i - Summon Lightning Spi  Summ/Air       92%        N/A       1%          4
j - Petrify               Tmut/Erth      92%        N/A       1%          4
k - Lightning Bolt        Conj/Air       46%        1d66      1%          5
Your spell library was empty.

Dungeon Overview and Level Annotations

Branches:
Dungeon (9/15)             Temple (1/1) D:7            Lair (5/6) D:8
 Shoals (0/4) Lair:2       Spider (0/4) Lair:4        Slime (0/5) Lair:5
    Orc: D:9-12

Altars:
Ashenzari
Cheibriados
Dithmenos
Elyvilon
Fedhas
Gozag
Hepliaklqana
Kikubaaqudgha
Makhleb
Nemelex Xobeh
Okawaru
Qazlal
Ru
Sif Muna
Trog
Uskayaw
Vehumet
Wu Jian
Xom
Yredelemnul
Zin
The Shining One


Innate Abilities, Weirdness & Mutations

You are immune to sickness and miasma.
You are immune to poison.
Your flesh is almost immune to the effects of heat. (rF+++)
You are vulnerable to cold. (rC-)
You float through the air rather than walking.
You learn spells naturally, not from books.
Your magical power is your life essence.
You have superior vitality. (+4 MHP)
You tend to lose your temper in combat.
Your mind is acute. (Int +2)
A frigid envelope surrounds you and freezes all who hurt you.


Message History

Confirm with . or Enter, or press ? or * to list all spells.
Okay, then.
Unknown command.
Casting: Call Imp (safe; 0% risk of failure)
Confirm with . or Enter, or press ? or * to list all spells.
You feel a surge of power!
You conjure some foxfire!
Your lightning spire disappears in a puff of smoke!
Something gores your cyclops zombie!
Your cyclops zombie is destroyed!
The foxfire hits the centaur warrior.
The centaur warrior is heavily wounded.
Your crimson imp hits the centaur warrior.
A white ugly thing comes into view.
The centaur warrior hits your crimson imp but does no damage.
The centaur warrior kicks your crimson imp.
Casting: Foxfire (safe; 0% risk of failure)
Confirm with . or Enter, or press ? or * to list all spells.
You feel a surge of power!
You conjure some foxfire!
The foxfire hits the centaur warrior.
The centaur warrior is heavily wounded.
The centaur warrior wields a +0 shortbow.
The centaur warrior shoots an arrow.
The arrow barely misses your crimson imp.
The arrow hits your foxfire!
Your crimson imp hits the centaur warrior.
Casting: Foxfire (safe; 0% risk of failure)
Confirm with . or Enter, or press ? or * to list all spells.
You feel a surge of power!
An electric hum fills the air.
* * * LOW HITPOINT WARNING * * *
The centaur warrior shoots an arrow.
The arrow misses your crimson imp. The arrow closely misses your foxfire.
The arrow hits you!
* * * LOW HITPOINT WARNING * * *
The foxfire hits the white ugly thing.
The white ugly thing is lightly wounded.
Your crimson imp hits the centaur warrior.
The centaur warrior shoots an arrow.
The arrow barely misses your crimson imp.
The arrow hits you!!
You die...
Your body rises from the dead as a mindless zombie.

#..c....#
#........# #
#...)...#
##.####### #
#.......# #.# #
#....cu.# #.# #
#....5..# #.#
### # #####v.##
#.# .... ##§#
##.####....
#§##
#..........
#§@# #.......##
##§###.......#
#8.##.......#
####.##.......#
#.....##'######
#..Z..##Z#
#......#.#
#....#.#.#
#....#...#


You could see a white ugly thing (ally target), a centaur warrior (ally target),
a friendly lightning spire (summoned) and a friendly crimson imp (summoned).

Vanquished Creatures
  Nessos (Lair:4)
  The ghost of elongatedgoose the Severer, a journeyman MiFi of Okawaru (Lair:5)
  A boulder beetle (Lair:4)
  2 hydras
  Sonja (Lair:4)
  A spectral hydra (Lair:4)
  8 elephants
  2 black mambas
  6 cane toads
  A gargoyle (D:9)
  Maggie (D:7)
  A rime drake (Lair:3)
  3 komodo dragons
  An efreet (D:9)
  A hydra zombie (Lair:5)
  A hornet (D:7)
  2 polar bears (Lair:4)
  A spectral dream sheep (Lair:5)
  4 blink frogs
  5 dream sheep
  A spectral elephant (Lair:2)
  A spriggan (Lair:2)
  22 yaks
  A steam dragon (Lair:2)
  A cane toad zombie (Lair:5)
  3 spectral yaks
  8 water moccasins
  An orc warrior (D:7)
  4 black bears
  A sky beast (D:6)
  2 blink frog zombies (Lair:3)
  3 elephant zombies (Lair:2)
  7 wolves
  An ogre (D:4)
  2 phantoms
  A lemure (D:8)
  11 bullfrogs
  A kobold brigand (D:8)
  A scorpion (D:7)
  A water moccasin zombie (D:6)
  2 yak zombies
  4 wights (D:6)
  3 howler monkeys
  2 bullfrog zombies (Lair:4)
  A centaur skeleton (D:5)
  A basilisk zombie (Lair:4)
  A centaur zombie (D:9)
  A jelly (D:8)
  7 hounds
  A gnoll shaman (D:5)
  3 orc priests
  2 bullfrog skeletons (D:5)
  3 iguanas
  5 orc wizards
  2 hell rats (Lair:3)
  2 killer bee zombies (D:7)
  A hound zombie (D:5)
  2 spectral hell rats (Lair:3)
  A howler monkey zombie (D:8)
  7 gnolls (D:5)
  An adder (D:4)
  2 worms
  2 dart slugs
  18 orcs
  2 endoplasms
  4 giant cockroaches
  7 goblins
  5 hobgoblins
  3 jackals (D:1)
  3 quokkas
  9 ball pythons
  5 bats
  3 frilled lizards (D:1)
  7 kobolds
  An orc zombie (D:6)
  10 rats
  A bush (Lair:2)
  A butterfly (Lair:5)
252 creatures vanquished.

Vanquished Creatures (collateral kills)
  Harold (D:8)
  4 hydras
  A two-headed ogre (D:5)
  Pikel (D:8)
  A cyclops (D:9)
  2 black mambas (Lair:5)
  2 elephants
  A torpor snail (Lair:5)
  4 cane toads
  3 komodo dragons
  2 polar bears
  A spectral elephant (Lair:4)
  15 blink frogs
  6 dream sheep
  8 yaks
  A basilisk (Lair:4)
  A steam dragon (D:9)
  5 water moccasins
  A spectral yak (D:9)
  A black bear (D:8)
  3 wolves (Lair:2)
  An elephant zombie (Lair:4)
  6 bullfrogs
  A scorpion (D:8)
  A yak zombie (Lair:2)
  An orc wizard (D:8)
  3 hell rats (Lair:3)
  3 orcs
  2 bushes
  16 foxfires
98 creatures vanquished.

Vanquished Creatures (others)
  3 spectral dream sheep (Lair:5)
  A black mamba zombie (Lair:5)
  A cane toad zombie (Lair:4)
  2 blink frog zombies (Lair:3)
  A torpor snail zombie (Lair:5)
  2 komodo dragon zombies
  A cyclops zombie (D:9)
  3 water moccasin zombies
  A polar bear zombie (Lair:2)
  A yak zombie (D:9)
  7 wolf zombies
  A howler monkey (D:9)
  4 bullfrog zombies
  3 black bear zombies
  2 kobold zombies (D:8)
  A scorpion zombie (D:8)
  A howler monkey zombie (D:9)
  A spectral jelly (D:8)
  An orc zombie (D:8)
  562 foxfires
  152 fungi
  173 plants
924 creatures vanquished.

Grand Total: 1274 creatures vanquished

Notes
Turn   | Place    | Note
-------+----------+-------------------------------------------
     0 | D:1      | unlimited1921 the Djinni Fire Elementalist began the quest
                  | for the Orb.
     0 | D:1      | Reached XP level 1. HP: 15/15 MP: 0/0
  1187 | D:1      | Reached XP level 2. HP: 17/21 MP: 0/0
  1975 | D:1      | Reached XP level 3. HP: 21/25 MP: 0/0
  1975 | D:1      | Learned a level 1 spell: Shock
  2648 | D:1      | Reached skill level 3 in Spellcasting
  3658 | D:2      | Found a faded altar of an unknown god.
  4612 | D:3      | Reached XP level 4. HP: 26/31 MP: 0/0
  6085 | D:4      | Reached skill level 1 in Armour
  6176 | D:4      | Reached XP level 5. HP: 28/35 MP: 0/0
  6176 | D:4      | Learned a level 2 spell: Call Imp
  6248 | D:4      | Noticed an ogre
  6258 | D:4      | Killed an ogre
  6259 | D:4      | Reached skill level 4 in Spellcasting
  6259 | D:4      | Reached XP level 6. HP: 26/40 MP: 0/0
  7869 | D:5      | Entered Level 5 of the Dungeon
  8128 | D:5      | Reached XP level 7. HP: 23/45 MP: 0/0
  8128 | D:5      | Learned a level 2 spell: Blink
  8139 | D:5      | Reached skill level 5 in Spellcasting
  8673 | D:5      | Noticed a two-headed ogre
  8679 | D:5      | Killed a two-headed ogre
  8680 | D:5      | Reached skill level 6 in Spellcasting
  8680 | D:5      | Reached XP level 8. HP: 39/50 MP: 0/0
  8878 | D:5      | Reached skill level 7 in Spellcasting
  9356 | D:5      | Reached skill level 1 in Fighting
  9485 | D:5      | Reached XP level 9. HP: 49/57 MP: 0/0
  9485 | D:5      | Learned a level 4 spell: Summon Lightning Spire
  9936 | D:6      | You are sucked into a shaft and drop 1 floor!
 10005 | D:7      | Found a flagged portal.
 10272 | D:7      | Reached skill level 8 in Spellcasting
 10284 | D:7      | Noticed a hornet
 10289 | D:7      | Killed a hornet
 10513 | D:7      | Found a white marble altar of Elyvilon.
 10517 | D:7      | Found a bloodstained altar of Trog.
 10557 | D:7      | Noticed Maggie
 10566 | D:7      | Killed Maggie
 10567 | D:7      | Reached XP level 10. HP: 41/67 MP: 0/0
 10794 | D:7      | Found a staircase to the Ecumenical Temple.
 10818 | Temple   | Entered the Ecumenical Temple
 10824 | Temple   | Became a worshipper of Yredelemnul the Dark
 10999 | D:6      | Found the ring of the Mage {Wiz Archmagi}
 11006 | D:6      | Reached skill level 9 in Spellcasting
 11037 | D:6      | Reached * piety under Yredelemnul
 12046 | D:6      | Reached skill level 5 in Armour
 12156 | D:6      | Found a snail-covered altar of Cheibriados.
 12577 | D:8      | Found a staircase to the Lair.
 12591 | D:8      | Reached ** piety under Yredelemnul
 12608 | D:8      | Reached *** piety under Yredelemnul
 13158 | D:8      | Noticed Pikel
 13170 | D:8      | Killed Pikel
 13639 | D:8      | Noticed Harold
 13650 | D:8      | Your ally Pikel died
 13653 | D:8      | Killed Harold
 13654 | D:8      | Reached skill level 10 in Spellcasting
 13731 | D:8      | Found an ornate altar of the Wu Jian Council.
 13904 | Lair:1   | Entered Level 1 of the Lair of Beasts
 13915 | Lair:1   | Reached XP level 11. HP: 49/74 MP: 0/0
 13915 | Lair:1   | Learned a level 4 spell: Petrify
 13916 | Lair:1   | Reached skill level 5 in Fighting
 14236 | Lair:1   | You are sucked into a shaft and drop 1 floor!
 14693 | Lair:2   | Reached skill level 11 in Spellcasting
 15978 | Lair:2   | Noticed an elephant
 15979 | Lair:2   | Noticed an elephant
 15980 | Lair:2   | Noticed an elephant
 15980 | Lair:2   | Noticed an elephant
 15980 | Lair:2   | Noticed an elephant
 15980 | Lair:2   | Noticed an elephant
 15985 | Lair:2   | Killed an elephant
 15986 | Lair:2   | Reached XP level 12. HP: 55/84 MP: 0/0
 15997 | Lair:2   | Reached skill level 12 in Spellcasting
 16394 | Lair:2   | Found a staircase to the Shoals.
 16805 | Lair:1   | Noticed a five-headed hydra
 16810 | Lair:1   | Killed a five-headed hydra
 17547 | Lair:1   | Noticed a four-headed hydra
 17554 | Lair:1   | Killed a four-headed hydra
 21724 | Lair:4   | Reached skill level 13 in Spellcasting
 21724 | Lair:4   | Reached XP level 13. HP: 6/92 MP: 0/0
 21724 | Lair:4   | Learned a level 5 spell: Lightning Bolt
 22270 | Lair:4   | Noticed Nessos
 22286 | Lair:4   | Killed Nessos
 22713 | Lair:4   | Noticed a boulder beetle
 22720 | Lair:4   | Killed a boulder beetle
 23230 | Lair:4   | Reached skill level 1 in Evocations
 23434 | Lair:4   | Noticed a five-headed hydra
 23436 | Lair:4   | Killed a five-headed hydra
 23892 | Lair:4   | Noticed Sonja
 24369 | Lair:4   | Killed Sonja
 25067 | Lair:4   | Found a hole to the Spider Nest.
 25370 | Lair:5   | Noticed a seven-headed hydra
 25380 | Lair:5   | Killed a seven-headed hydra
 25383 | Lair:5   | Reached skill level 14 in Spellcasting
 25454 | Lair:5   | Noticed an eight-headed hydra
 25463 | Lair:5   | Killed an eight-headed hydra
 25464 | Lair:5   | Reached skill level 1 in Throwing
 25501 | Lair:5   | Noticed a four-headed hydra
 25506 | Lair:5   | Killed a four-headed hydra
 26348 | Lair:5   | Reached XP level 14. HP: 97/99 MP: 0/0
 26887 | Lair:5   | Reached **** piety under Yredelemnul
 26894 | Lair:5   | Reached ***** piety under Yredelemnul
 27043 | Lair:5   | Found a runed translucent gate.
 27045 | Lair:5   | Found a runed translucent gate.
 27213 | Lair:5   | Found a staircase to the Slime Pits.
 27338 | Lair:5   | Found a runed translucent gate.
 27347 | Lair:5   | Noticed elongatedgoose's ghost (journeyman MiFi)
 27482 | Lair:5   | Killed elongatedgoose's ghost
 28123 | D:8      | Gained mutation: You are partially covered in iridescent
                  | scales. (AC +2) [potion of mutation]
 28124 | D:8      | Lost mutation: You are partially covered in iridescent
                  | scales. (AC +2) [potion of mutation]
 28124 | D:8      | Gained mutation: You tend to lose your temper in combat.
                  | [potion of mutation]
 28124 | D:8      | Gained mutation: You are frail. (-10% HP) [potion of
                  | mutation]
 28124 | D:8      | Gained mutation: A frigid envelope surrounds you and
                  | freezes all who hurt you. [potion of mutation]
 28124 | D:8      | Gained mutation: You passively dampen the noise of your
                  | surroundings. [potion of mutation]
 28125 | D:8      | Lost mutation: You passively dampen the noise of your
                  | surroundings. [potion of mutation]
 28125 | D:8      | Lost mutation: You are frail. (-10% HP) [potion of
                  | mutation]
 28125 | D:8      | Gained mutation: Your mind is acute. (Int +2) [potion of
                  | mutation]
 28125 | D:8      | Gained mutation: Your flesh is almost immune to the effects
                  | of heat. (rF+++) [potion of mutation]
 29335 | D:9      | Shot with an arrow by a centaur warrior

Illustrated notes

Levels and vault maps discovered:
D:1:      erik_arrival_blinker_ship, layout_rooms, supply_closet_lemuel
D:2:      cheibrodos_old_hovel, layout_rooms,
          shapermc_ecumenical_altar_mp_urbaneastern
D:3:      layout_rooms, serial_forest, infiniplex_forest_lined_corner,
          infiniplex_forest_lined_2, infiniplex_forest_end_1,
          infiniplex_forest_straight_2, infiniplex_forest_zigzag_2,
          infiniplex_forest_lined_room_2
D:4:      layout_loops_corners
D:5:      layout_loops_corners, chequers_garden
D:6:      layout_basic, mainiacjoe_overflow_24_doors
D:7:      layout_cave_pools, mainiacjoe_overflow_big_doors,
          minmay_temple_entry_statues, enter_bailey_2, uniq_maggie
D:8:      layout_loops_ring, nzn_wu_jian_council_hall,
          due_lair_maze_entry_diamond, uniq_pikel, uniq_harold
D:9:      layout_basic, minmay_holes, minivault_28
Temple:   nicolae_temple_no_exploring_needed
Lair:1:   layout_layer_cave
Lair:2:   layout_regular_city, elwin_shoals_entry_rocks,
          grunt_forest_stairs_clearing
Lair:3:   layout_layer_cave, serial_bayou_lagoon_b, infiniplex_staircase_pool_2
Lair:4:   layout_concentric_octagons, dummy_spider_entry, grunt_megastairs_1,
          infiniplex_staircase_pool, lemuel_fruit_tree, uniq_sonja, uniq_nessos
Lair:5:   layout_regular_city, slime_dummy, ebering_ghost_rock_garden,
          lemuel_fruit_fields

Skill      XL: |  1  2  3  4  5  6  7  8  9 10 11 12 13 14 |
---------------+-------------------------------------------+-----
Stealth        | 2 3 4 |  4.4
Spellcasting   | 3 4 6 7 8 10 11 13 14 | 14.4
Armour         | 1 2 3 4 6 7 8 9 |  9.5
Fighting       | 1 3 4 6 8 9 |  9.1
Dodging        | 3 4 |  4.2
Evocations     | 1 |  1.1
Throwing       | 1 |  1.9

Action                   |  1- 3 |  4- 6 |  7- 9 | 10-12 | 13-15 || total
-------------------------+-------+-------+-------+-------+-------++-------
Melee: Short sword       |    28 |    60 |       |       |       ||    88
       Punch             |     2 |     4 |       |     4 |     4 ||    14
       Falchion          |       |       |       |   192 |    58 ||   250
Throw: Dart              |       |       |       |       |     2 ||     2
 Cast: Foxfire           |    76 |    39 |    72 |   112 |    39 ||   338
       Scorch            |    16 |    27 |    29 |   103 |    73 ||   248
       Call Imp          |       |     1 |     7 |    19 |    26 ||    53
       Inner Flame       |       |     7 |    12 |    19 |    15 ||    53
       Shock             |       |       |     7 |       |       ||     7
       Summon Lightning  |       |       |     3 |    42 |    45 ||    90
       Petrify           |       |       |       |     2 |       ||     2
       Flame Wave        |       |       |       |     1 |       ||     1
       Lightning Bolt    |       |       |       |       |    24 ||    24
Evoke: Wand              |       |       |       |       |     4 ||     4
  Use: Scroll            |       |       |     8 |     5 |     6 ||    19
       Potion            |       |       |     2 |     1 |     6 ||     9
Armor: Leather armour    |     2 |     1 |       |       |       ||     3
       Steam dragon scal |       |       |       |     9 |     9 ||    18
       Ring mail         |       |       |       |       |     3 ||     3
Dodge: Dodged            |     8 |     1 |     3 |    24 |    33 ||    69
